Map: Deathaura LE

Players

ReSpOnSe - Winner!

  • Race: Protoss Protoss
  • League: Grandmaster
  • Spawn Location: 5:00

speaknow

  • Race: Protoss Protoss
  • League: Grandmaster
  • Spawn Location: 11:00

VOD

Have the link to the VOD?

Description

Time

  • Played on: Nov. 24, 2020, 4:30 p.m.
  • Length: 25:44
Show
View Real Time Build Order
Export as new Build Order

ReSpOnSe Protoss - Winner!

Build Orders: Phoenix Opening, Carriers 

Get SALT Encoding   

  12  0:00  Probe  
  13  0:12  Probe  
  14  0:16  Pylon  
  14  0:24  Probe (Chrono Boost)  
  15  0:36  Probe (Chrono Boost)  
  15  0:37  Gateway  
  16  0:44  Probe (Chrono Boost)  
  16  0:46  Assimilator  
  17  0:50  Probe  
  17  0:55  Assimilator  
  18  1:03  Probe (Chrono Boost)  
  19  1:14  Gateway, Probe (Chrono Boost)  
  20  1:18  Probe (Chrono Boost)  
  21  1:26  Cybernetics Core  
  21  1:29  Probe  
  22  1:41  Pylon  
  22  1:43  Probe  
  23  1:58  Pylon  
  23  1:59  Probe  
  24  2:02  Sentry, Warp Gate (Chrono Boost), Stalker  
  28  2:11  Probe  
  29  2:23  Probe  
  29  2:29  Pylon  
  30  2:35  Stalker x2  
  34  2:38  Phoenix  
  33  2:53  Nexus  
  33  2:58  Shield Battery  
  33  3:06  Probe  
  34  3:15  Stargate  
  34  3:19  Shield Battery  
  34  3:23  Probe  
  35  3:29  Pylon  
  35  3:36  Robotics Facility  
  35  3:47  Probe (Chrono Boost)  
  36  3:51  Stalker  
  39  3:57  Probe (Chrono Boost)  
  39  4:04  Oracle  
  39  4:05  Probe (Chrono Boost)  
  39  4:07  Probe (Chrono Boost)  
  44  4:15  Probe (Chrono Boost)  
  46  4:18  Probe (Chrono Boost), Pylon  
  46  4:20  Probe (Chrono Boost)  
  47  4:26  Observer (Chrono Boost)  
  47  4:27  Probe  
  49  4:32  Probe, Pylon  
  50  4:38  Assimilator  
  50  4:39  Probe  
  50  4:44  Probe  
  52  4:48  Immortal, Void Ray  
  56  4:59  Probe  
  61  5:01  Probe  
  61  5:04  Forge  
  62  5:11  Probe  
  63  5:15  Probe  
  63  5:16  Stalker  
  63  5:19  Stalker  
  63  5:21  Protoss Air Weapons Level 1  
  68  5:23  Probe  
  68  5:24  Assimilator  
  69  5:45  Pylon  
  69  5:50  Void Ray  
  69  5:53  Observer  
  69  6:02  Pylon  
  69  6:03  Pylon, Immortal (Chrono Boost)  
  69  6:11  Nexus  
  73  6:16  Probe  
  73  6:17  Probe, Pylon  
  75  6:23  Stargate  
  75  6:27  Void Ray (Chrono Boost)  
  75  6:28  Probe  
  75  6:30  Observer  
  75  6:32  Probe  
  77  6:36  Protoss Ground Weapons Level 1  
  81  6:40  Probe  
  81  6:41  Photon Cannon  
  81  6:44  Probe  
  83  6:48  Shield Battery  
  83  6:53  Photon Cannon  
  83  6:55  Photon Cannon  
  83  6:58  Probe x2, Void Ray (Chrono Boost)  
  85  7:03  Void Ray (Chrono Boost)  
  89  7:11  Observer  
  94  7:20  Probe (Chrono Boost)  
  94  7:21  Probe (Chrono Boost)  
  96  7:24  Pylon  
  96  7:27  Probe (Chrono Boost)  
  97  7:32  Probe (Chrono Boost)  
  97  7:33  Probe (Chrono Boost), Fleet Beacon  
  99  7:37  Void Ray  
  99  7:38  Probe x2 (Chrono Boost)  
  105  7:46  Probe  
  105  7:47  Void Ray  
  105  7:48  Assimilator  
  105  7:50  Assimilator  
  110  8:04  Observer, Immortal  
  111  8:08  Probe x2  
  113  8:17  Photon Cannon x2  
  113  8:19  Photon Cannon  
  113  8:20  Pylon  
  113  8:24  Void Ray (Chrono Boost)  
  113  8:28  Probe  
  118  8:34  Pylon, Flux Vanes  
  118  8:35  Pylon  
  118  8:39  Stargate  
  117  8:41  Carrier (Chrono Boost)  
  121  8:50  Photon Cannon  
  121  8:52  Protoss Air Weapons Level 2 (Chrono Boost)  
  121  9:00  Shield Battery  
  121  9:09  Carrier (Chrono Boost)  
  127  9:12  Pylon  
  127  9:16  Nexus  
  127  9:26  Shield Battery  
  127  9:28  Photon Cannon  
  127  9:31  Mothership (Chrono Boost)  
  135  9:42  Protoss Shields Level 1  
  135  9:44  Probe x2 (Chrono Boost)  
  137  9:46  Photon Cannon  
  137  9:51  Probe  
  144  10:05  Photon Cannon  
  144  10:06  Shield Battery, Carrier (Chrono Boost)  
  144  10:10  Shield Battery  
  144  10:15  Assimilator  
  144  10:17  Assimilator  
  144  10:18  Pylon  
  144  10:19  Carrier (Chrono Boost)  
  144  10:27  Photon Cannon  
  150  10:31  Photon Cannon  
  150  10:36  Shield Battery  
  150  10:44  Photon Cannon  
  150  10:45  Pylon  
  150  10:47  Photon Cannon  
  156  11:01  Carrier (Chrono Boost)  
  156  11:02  Carrier (Chrono Boost)  
  162  11:11  Stargate  
  162  11:14  Photon Cannon  
  162  11:17  Observer  
  163  11:28  Carrier (Chrono Boost)  
  163  11:34  Protoss Air Weapons Level 3 (Chrono Boost)  
  163  11:36  Probe x2  
  169  11:48  Pylon  
  169  11:49  Pylon  
  173  12:01  Twilight Council  
  173  12:03  Carrier (Chrono Boost)  
  173  12:05  Carrier (Chrono Boost)  
  179  12:09  Void Ray (Chrono Boost)  
  183  12:27  Carrier (Chrono Boost)  
  149  12:50  Carrier (Chrono Boost)  
  149  13:01  Carrier (Chrono Boost)  
  149  13:02  Void Ray (Chrono Boost)  
  149  13:03  Pylon  
  149  13:04  Pylon  
  149  13:11  Nexus  
  153  13:13  Pylon  
  153  13:22  Carrier (Chrono Boost)  
  153  13:26  Protoss Shields Level 2  
  154  13:43  Void Ray (Chrono Boost)  
  154  13:46  Photon Cannon  
  164  13:52  Void Ray (Chrono Boost)  
  164  13:53  Carrier (Chrono Boost)  
  156  14:13  Void Ray (Chrono Boost)  
  128  14:22  Void Ray (Chrono Boost)  
  128  14:23  Protoss Air Armor Level 1 (Chrono Boost)  
  122  14:28  Observer  
  127  14:31  Probe x2  
  127  14:32  Probe x2  
  127  14:33  Void Ray (Chrono Boost)  
  127  14:36  Photon Cannon  
  134  14:38  Shield Battery  
  134  14:45  Void Ray (Chrono Boost), Robotics Bay  
  134  14:49  Immortal  
  142  14:55  Void Ray (Chrono Boost)  
  142  14:56  Photon Cannon  
  142  14:57  Void Ray (Chrono Boost)  
  145  15:00  Void Ray (Chrono Boost)  
  149  15:12  Pylon  
  152  15:23  Void Ray  
  152  15:32  Void Ray x2  
  152  15:34  Disruptor  
  151  15:42  Mothership  
  172  16:11  Disruptor, Carrier (Chrono Boost)  
  172  16:12  Carrier (Chrono Boost)  
  172  16:16  Carrier (Chrono Boost)  
  187  16:31  Shield Battery  
  187  16:34  Photon Cannon  
  187  16:35  Photon Cannon  
  187  16:44  Photon Cannon  
  187  16:48  Disruptor, Photon Cannon  
  187  16:52  Photon Cannon  
  190  16:57  Protoss Air Armor Level 2  
  196  17:10  Carrier (Chrono Boost)  
  196  17:16  Pylon  
  196  17:19  Nexus  
  196  17:24  Observer  
  183  17:32  Carrier (Chrono Boost)  
  183  17:35  Void Ray (Chrono Boost)  
  185  17:42  Void Ray (Chrono Boost)  
  175  18:08  Void Ray x2 (Chrono Boost)  
  140  18:13  Void Ray (Chrono Boost)  
  138  18:24  Nexus  
  138  18:27  Disruptor  
  138  18:34  Void Ray  
  141  18:39  Void Ray  
  135  18:52  Pylon  
  135  18:54  Void Ray  
  139  19:04  Immortal  
  121  19:13  Void Ray  
  111  19:23  Photon Cannon x2  
  115  19:27  Shield Battery  
  115  19:29  Shield Battery  
  115  19:31  Photon Cannon  
  115  19:32  Photon Cannon  
  115  19:39  Probe x2  
  115  19:42  Disruptor, Photon Cannon  
  120  19:50  Void Ray  
  120  19:54  Carrier (Chrono Boost)  
  130  20:03  Assimilator  
  130  20:05  Assimilator  
  130  20:07  Assimilator  
  130  20:10  Shield Battery  
  130  20:11  Void Ray (Chrono Boost)  
  130  20:12  Pylon  
  130  20:18  Disruptor  
  137  20:24  Void Ray (Chrono Boost)  
  137  20:25  Void Ray (Chrono Boost)  
  142  20:50  Assimilator  
  142  20:54  Disruptor  
  145  21:03  Carrier (Chrono Boost)  
  151  21:10  Photon Cannon  
  151  21:11  Photon Cannon  
  151  21:15  Photon Cannon  
  151  21:16  Photon Cannon  
  151  21:17  Observer  
  150  21:28  Carrier (Chrono Boost)  
  150  21:29  Disruptor  
  149  21:34  Nexus  
  149  21:36  Pylon  
  149  21:43  Carrier (Chrono Boost)  
  155  21:51  Void Ray (Chrono Boost)  
  159  21:57  Photon Cannon  
  159  22:18  Carrier (Chrono Boost)  
  164  22:22  Carrier (Chrono Boost)  
  164  22:29  Carrier (Chrono Boost)  
  176  22:47  Carrier (Chrono Boost)  
  182  23:03  Disruptor  
  185  23:06  Nexus  
  185  23:09  Pylon  
  185  23:22  Carrier  
  191  23:31  Shield Battery x2  
  191  23:40  Void Ray  
  191  23:43  Void Ray  
  195  23:52  Shield Battery  
  199  24:15  Observer, Photon Cannon  
  200  24:18  Photon Cannon  
Show
View Real Time Build Order
Export as new Build Order

speaknow Protoss 

Build Orders: Blink Stalkers 

Get SALT Encoding   

  12  0:00  Probe  
  13  0:13  Probe  
  14  0:19  Pylon  
  14  0:25  Probe  
  15  0:37  Probe (Chrono Boost)  
  15  0:38  Gateway  
  16  0:47  Assimilator  
  16  0:48  Probe (Chrono Boost)  
  17  0:52  Probe (Chrono Boost)  
  18  0:58  Assimilator  
  18  1:03  Probe  
  19  1:13  Gateway  
  19  1:15  Probe  
  20  1:25  Cybernetics Core  
  20  1:27  Probe  
  21  1:35  Pylon  
  22  1:40  Probe  
  22  1:52  Probe  
  23  2:01  Stalker x2  
  23  2:04  Probe  
  28  2:10  Pylon  
  28  2:11  Warp Gate  
  28  2:16  Probe  
  29  2:31  Stalker  
  30  2:45  Twilight Council  
  30  2:48  Stalker  
  30  2:49  Probe  
  33  3:01  Probe  
  34  3:16  Blink (Chrono Boost), Nexus  
  34  3:28  Pylon  
  34  3:38  Probe  
  34  3:39  Forge  
  35  3:50  Shield Battery  
  35  3:51  Probe  
  36  3:58  Protoss Ground Weapons Level 1 (Chrono Boost)  
  36  4:01  Gateway  
  36  4:07  Stalker  
  38  4:15  Probe  
  39  4:23  Robotics Facility  
  39  4:28  Probe  
  39  4:30  Probe  
  41  4:40  Probe  
  41  4:41  Stalker  
  41  4:42  Probe  
  45  4:48  Stalker  
  48  4:54  Probe (Chrono Boost)  
  48  4:55  Probe (Chrono Boost)  
  48  4:56  Stalker  
  51  5:06  Probe (Chrono Boost)  
  53  5:08  Stalker  
  53  5:09  Probe (Chrono Boost)  
  53  5:11  Probe (Chrono Boost)  
  56  5:23  Nexus  
  56  5:30  Stalker  
  56  5:31  Stalker  
  60  5:37  Stalker  
  61  5:52  Protoss Ground Weapons Level 2 (Chrono Boost)  
  59  5:59  Pylon  
  59  6:03  Robotics Bay  
  59  6:06  Pylon, Probe x2  
  61  6:12  Gateway  
  61  6:14  Gateway  
  61  6:15  Assimilator  
  61  6:16  Assimilator  
  61  6:18  Probe  
  61  6:21  Charge  
  62  6:30  Probe  
  63  6:33  Probe  
  63  6:35  Gateway, Probe  
  63  6:38  Gateway, Probe  
  65  6:41  Probe  
  67  6:48  Stalker x2  
  67  6:52  Stalker  
  73  6:58  Probe x2  
  73  6:59  Observer  
  73  7:00  Probe  
  77  7:04  Assimilator  
  77  7:10  Probe  
  77  7:11  Stalker  
  77  7:12  Stalker  
  77  7:14  Probe x2  
  84  7:20  Observer  
  84  7:22  Probe  
  84  7:32  Nexus  
  84  7:35  Probe x3  
  87  7:38  Pylon  
  87  7:39  Assimilator  
  87  7:46  Forge  
  87  7:47  Pylon  
  87  7:51  Pylon  
  87  7:55  Zealot x2  
  87  7:58  Protoss Ground Weapons Level 3 (Chrono Boost)  
  91  8:05  Protoss Ground Armor Level 1 (Chrono Boost)  
  89  8:08  Stalker x4  
  93  8:15  Probe x2  
  95  8:23  Probe  
  96  8:27  Probe x2  
  96  8:28  Stalker  
  96  8:30  Disruptor (Chrono Boost)  
  103  8:35  Probe  
  103  8:38  Stalker x2  
  103  8:40  Probe x2  
  110  8:47  Probe x2  
  112  8:52  Probe  
  112  8:53  Probe  
  114  8:56  Zealot x2  
  114  8:59  Disruptor, Probe  
  114  9:00  Probe  
  114  9:01  Zealot x2  
  127  9:13  Zealot x2  
  131  9:18  Pylon x2  
  131  9:32  Templar Archives  
  131  9:36  Probe x4  
  135  9:39  Assimilator  
  135  9:40  Assimilator  
  135  9:44  Zealot x4  
  143  9:48  Probe  
  143  9:50  Nexus  
  143  9:52  Pylon  
  140  10:03  Probe x3, Protoss Ground Armor Level 2 (Chrono Boost)  
  143  10:08  Gateway  
  143  10:09  Gateway  
  143  10:11  High Templar x5  
  143  10:12  High Templar  
  143  10:13  Gateway  
  155  10:15  Archon  
  155  10:16  Archon  
  155  10:17  Archon  
  155  10:27  Pylon x2  
  155  10:30  Pylon  
  155  10:31  Probe  
  155  10:32  Pylon  
  155  10:35  Pylon, Protoss Shields Level 1 (Chrono Boost)  
  156  10:38  Pylon  
  156  10:44  Disruptor  
  156  10:45  Probe x3  
  156  10:48  High Templar x3  
  168  10:51  Zealot x2  
  168  10:52  High Templar  
  168  10:53  Zealot  
  168  10:56  Archon  
  176  10:57  Archon  
  176  11:00  Probe x2  
  176  11:03  Probe x2  
  180  11:05  Assimilator  
  180  11:07  Assimilator  
  180  11:10  Observer  
  180  11:17  Stalker, High Templar x2  
  186  11:18  Nexus, Stalker x3  
  186  11:19  Pylon  
  186  11:21  Archon, Warp Prism (Chrono Boost)  
  186  11:23  Stalker x3  
  200  11:38  Gravitic Boosters  
  199  11:50  Observer (Chrono Boost)  
  200  12:06  Gateway  
  200  12:07  Gateway  
  200  12:08  Gateway  
  200  12:17  Gateway  
  200  12:20  Gateway  
  200  12:21  Gateway  
  200  12:22  Gateway  
  190  12:26  Pylon  
  190  12:28  Pylon  
  180  12:32  Stalker x10  
  124  12:53  Observer  
  124  12:54  Protoss Ground Armor Level 3 (Chrono Boost)  
  124  12:56  Protoss Shields Level 2 (Chrono Boost)  
  120  12:58  Stalker x7  
  120  12:59  Stalker x3  
  120  13:03  Gateway  
  120  13:05  Gateway  
  140  13:07  Stalker x3  
  146  13:13  Stalker  
  146  13:17  Assimilator  
  146  13:18  Stalker  
  146  13:19  Assimilator, Stalker x2  
  154  13:22  Stalker x5  
  164  13:35  Stalker x4  
  172  13:57  Stalker x2  
  172  13:58  Stalker x10  
  192  14:04  Stalker x2  
  192  14:05  Stalker  
  125  14:28  Stalker x10  
  125  14:29  Zealot x2  
  145  14:45  Stalker x3  
  149  14:49  Stalker  
  149  14:51  Nexus  
  153  14:53  Unknown  
  153  14:57  Unknown  
  153  14:59  Stalker x4  
  161  15:01  Protoss Shields Level 3 (Chrono Boost)  
  161  15:04  Stalker x2  
  165  15:32  High Templar x5  
  165  15:33  High Templar  
  165  15:34  Zealot  
  165  15:35  Zealot x9  
  197  15:41  Archon x3  
  197  16:05  Nexus  
  197  16:07  Unknown  
  197  16:11  Unknown  
  195  16:21  Pylon  
  195  16:22  Pylon  
  173  16:40  High Templar  
  173  16:41  High Templar x4  
  173  16:42  High Templar  
  173  16:43  High Templar x2  
  173  16:44  Zealot x5  
  173  16:46  Archon x3  
  199  16:47  Archon  
  199  16:53  Cybernetics Core  
  199  16:54  Stargate  
  199  16:57  Pylon  
  199  17:00  Pylon  
  199  17:04  Protoss Air Weapons Level 1 (Chrono Boost)  
  163  17:31  Stalker x6  
  163  17:32  Stalker x13  
  147  17:55  Stalker x2  
  147  17:56  Stalker x13  
  147  17:57  Stalker x2  
  147  17:58  Stalker x2  
  117  18:19  Stalker x9  
  121  18:22  Stalker  
  121  18:24  Stalker  
  117  18:37  Stalker x4  
  117  18:38  Stalker x2  
  109  18:45  Stalker x2  
  109  18:46  Stalker  
  109  18:52  Stalker x2  
  102  18:55  Stalker  
  102  18:59  Stalker  
  89  19:16  Stalker  
  89  19:17  Stalker x3  
  89  19:19  Stalker  
  91  19:28  Stalker x2  
  95  19:33  Stalker x2  
  95  19:38  Stalker  
  101  19:39  Stalker  
  101  19:43  Stalker  
  105  20:00  Stalker x5  
  115  20:07  Stalker  
  117  20:15  Nexus  
  117  20:24  High Templar x8  
  133  20:28  Archon  
  133  20:29  Archon x3  
  133  20:30  Stalker x2  
  133  20:34  Stalker  
  139  20:37  Pylon  
  139  20:46  High Templar x2  
  139  20:48  Stalker  
  145  20:50  Stalker  
  145  20:52  Archon  
  145  20:53  Stalker x2  
  145  20:55  Stalker  
  153  21:00  Stalker  
  153  21:01  Pylon  
  155  21:05  Probe x4  
  159  21:23  Stalker x5  
  169  21:28  Stalker  
  169  21:29  Stalker  
  173  21:35  High Templar x2  
  173  21:36  Stalker  
  179  21:40  Archon  
  179  21:43  Stalker  
  179  21:44  Stalker  
  183  21:50  Stalker x2  
  183  21:51  Stalker  
  189  21:54  Probe x3  
  190  22:02  Stalker x2  
  190  22:03  Stalker  
  196  22:12  Stalker x2  
  200  22:33  Nexus  
  200  22:34  Pylon  
  200  22:37  Pylon  
  188  22:44  Stalker x6  
  200  23:33  Fleet Beacon  
  200  23:34  Stargate  
  200  23:36  Stargate  
  200  23:39  Stargate  
  200  23:41  Shield Battery  
  200  23:43  Shield Battery  
  200  23:45  Shield Battery  
  200  23:47  Shield Battery  
  200  23:48  Pylon  
  200  23:49  Pylon  
  185  24:04  Stalker x12  
  185  24:07  Stalker x3  
  185  24:08  Stalker  
  185  24:09  Stalker x2  
  197  24:12  Stalker  
  186  24:35  Tempest x2  
  194  24:50  Stalker x3  
  200  25:05  Stalker  
  180  25:24  Stalker  
  180  25:25  Stalker x10  
Tags
 
Add a new tag
Caveats
  • Supply blocks, unpowered buildings, or Contaminate may cause inaccurate times.
  • Supply counts are checked every 10 seconds.